 Dungeon Crawl Stone Soup version 0.26-a0-851-g735459dd53 (webtiles) character file.

Game seed: 12935732727259444494

15599 Glokmah the Fighter (level 12, 0/97 HPs)
             Began as a Gnoll Wanderer on Nov 21, 2020.
             Was a Priest of Ru.
             Slain by an ice beast (4 damage)
             ... summoned by an ice statue
             ... in an ice cave.
             The game lasted 00:34:51 (13291 turns).

Glokmah the Fighter (Gnoll Wanderer)               Turns: 13291, Time: 00:34:52

Health: 0/97       AC: 13    Str: 18    XL:     12   Next: 28%
Magic:  0/22       EV: 11    Int: 13    God:    Ru [***...]
Gold:   839        SH: 16    Dex: 18    Spells: 25/25 levels left

rFire    + + .     SeeInvis +   b - +6 dagger "Spider's Funeral" {elec, rElec rPois rN++ Stlth+}
rCold    + . .     Faith    .   L - +5 kite shield
rNeg     + + .     Spirit   +   C - +0 chain mail
rPois    +         Reflect  .   n - +0 helmet
rElec    +         Harm     .   (no cloak)
rCorr    .         Rampage  .   w - +0 pair of gloves
MR       .....                  (no boots)
Stlth    ..........             H - amulet "Ajeihun" {Spirit rPois rF++}
HPRegen  0.26/turn              i - ring of see invisible
MPRegen  0.18/turn              j - ring of protection from cold

@: no potions
A: distributed training, fangs 1, no potion heal 1, inability to drink while
threatened, no stealth, no conjurations magic, no poison magic, no
transmutations magic, strong nose
a: Draw Out Power, Renounce Religion


You were in an ice cave.
You worshipped Ru.
Ru was most pleased with you.
You visited 2 branches of the dungeon, and saw 12 of its levels.
You also visited: Ice Cave.

You collected 839 gold pieces.

Inventory:

Hand Weapons
 a - a +2 hand crossbow
 b - the +6 dagger "Spider's Funeral" (weapon) {elec, rElec rPois rN++ Stlth+}
   (You took it off a big kobold on level 7 of the Dungeon)

   Occasionally, upon striking a foe, it will discharge some electrical energy
   and cause terrible harm.
   It insulates you from electricity.
   It protects you from poison.
   It greatly protects you from negative energy.
   It makes you more stealthy.
 c - a +2 flail of holy wrath
 z - the +7 scythe "Ynios" {spect, *Contam rF+++ Dex-4}
   (You found it on level 11 of the Dungeon)

   It retains the spirit of the tree from which it was made.
   In the hands of one skilled in evocations this spirit is drawn out to fight
   along side the wielder.
   It affects your dexterity (-4).
   It renders you almost immune to fire.
   It causes magical contamination when unequipped.
 O - a +4 rapier of venom
Missiles
 d - 144 bolts
 f - 6 throwing nets
 g - 367 stones
 p - 4 atropa-tipped darts
 x - 35 poisoned darts
 D - 7 javelins (quivered)
 K - 3 boomerangs
Armour
 n - a +0 helmet (worn)
 w - a +0 pair of gloves (worn)
 C - a +0 chain mail (worn)
 L - a +5 kite shield (worn)
Jewellery
 i - a ring of see invisible (left hand)
 j - a ring of protection from cold (right hand)
 m - a +6 ring of intelligence
 H - the amulet "Ajeihun" (around neck) {Spirit rPois rF++}
   (You acquired it on level 7 of the Dungeon)

   [amulet of guardian spirit]

   It causes incoming damage to be split between your health and magic.
   It greatly protects you from fire.
   It protects you from poison.
 I - an uncursed amulet of reflection
Wands
 B - a wand of flame (15)
 E - a wand of enslavement (7)
 F - a wand of iceblast (18)
 N - a wand of random effects (18)
 P - a wand of polymorph (30)
 Q - a wand of disintegration (15)
Scrolls
 s - 4 scrolls of amnesia
 y - 3 scrolls of immolation
 G - 4 scrolls of identify
 J - 3 scrolls of vulnerability
 M - 2 scrolls of remove curse
Potions
 e - a potion of lignification
 h - 3 potions of haste
 k - 3 potions of attraction
 l - 3 potions of heal wounds
 o - 4 potions of cancellation
 q - 3 potions of brilliance
 r - 3 potions of curing
 u - 3 potions of ambrosia
 v - 2 potions of flight
 A - a potion of magic
 R - a potion of might


   Skills:
 + Level 9.7 Fighting
 + Level 7.1 Short Blades
 + Level 7.1 Long Blades
 + Level 7.1 Axes
 + Level 7.1 Maces & Flails
 + Level 7.1 Polearms
 + Level 7.1 Staves
 + Level 7.1 Slings
 + Level 7.1 Bows
 + Level 8.6 Crossbows
 + Level 7.6 Throwing
 + Level 7.6 Armour
 + Level 8.6 Dodging
   Level 0.0 Stealth
 + Level 7.1 Shields
 + Level 7.1 Unarmed Combat
 + Level 7.1 Spellcasting
   Level 0.0 Conjurations
 + Level 5.9 Hexes
 + Level 5.9 Summonings
 + Level 5.9 Necromancy
 + Level 5.9 Translocations
   Level 0.0 Transmutations
 + Level 5.9 Fire Magic
 + Level 5.9 Ice Magic
 + Level 5.9 Air Magic
 + Level 5.9 Earth Magic
   Level 0.0 Poison Magic
 + Level 7.8 Invocations
 + Level 7.1 Evocations


You had 25 spell levels left.
You didn't know any spells.
Your spell library contained the following spells:

 Spells                   Type           Power        Failure   Level
 Cause Fear               Hex            ###.......   98%         4
 Silence                  Hex/Air        ###.......   100%        5
 Discord                  Hex            ###.......   100%        8
 Yara's Violent Unravell  Hex/Tmut       Unusable     N/A         5

Dungeon Overview and Level Annotations

Branches:
Dungeon (11/15)            Temple (0/1) D:5            Lair (1/6) D:11
    Orc (0/2) D:11          IceCv (1/1)

Altars:
Ashenzari
Cheibriados
Elyvilon
Gozag
Kikubaaqudgha
Ru
Vehumet

Annotations:
IceCv exclusion: 2 ice statues


Innate Abilities, Weirdness & Mutations

Your experience applies equally to all skills.
You have very sharp teeth.
Potions are less effective at restoring your health.
You cannot drink potions while threatened.
You cannot be stealthy.
You cannot study or cast Conjurations magic.
You cannot study or cast Poison magic.
You cannot study or cast Transmutations magic.
Your uncanny sense of smell can sniff out nearby items.


Message History

You are engulfed in freezing vapours.
You resist.
* * * LOW HITPOINT WARNING * * *
The ice statue gestures.
You block the ice beast's attack. The ice beast closely misses you.
The ice beast barely misses you. You block the ice beast's attack.
The ice beast closely misses you.
You're standing in a cloud of freezing vapour!
Evoke which item? (* to show all) (? for menu, Esc to quit)
Aiming: Disintegrate
Press: ? - help, Shift-Dir - straight line, f/p - ice beast
Aim: an ice beast (heavily wounded, summoned, chance to defeat MR: 87%)
The ice beast is blasted!!
You blow up the ice beast!
You are engulfed in freezing vapours.
You resist.
* * * LOW HITPOINT WARNING * * *
The ice beast is stunned by your will and fails to attack.
The ice beast hits you.
* * * LOW HITPOINT WARNING * * *
The ice beast freezes you. You resist.
You die...

#...## ##...##
##...# ##..#
##..## #..##
####..##
###8#.○.○#8#
#§○Y@Y○..☼.#
#..§§○YY°≈§Y§#
...§°§§○°..§§§§#
...#☼☼☼§°○.§§§##
#. ##○☼§○°.§○§§#
# ##.☼...§§§##
#####.§§## ####


You could see 2 ice statues and 5 ice beasts.

Vanquished Creatures
  3 boulder beetles
  A centaur warrior (D:8)
  The ghost of Ijustatesigmund the Covert, a novice OpFi (D:7)
  An ugly thing (D:11)
  2 cyclopes
  2 cane toads (Lair:1)
  Maggie (D:7)
  3 rime drakes (Lair:1)
  2 komodo dragons
  A troll (D:9)
  A hornet (D:11)
  A vampire (D:10)
  13 yaks
  A wyvern (D:9)
  2 sky beasts
  6 ice beasts
  2 black bears
  6 orc warriors
  5 ogres
  2 phantoms (D:4)
  3 centaurs
  9 big kobolds
  10 bullfrogs
  A wyvern skeleton (D:9)
  5 scorpions
  9 killer bees
  5 wights (D:8)
  3 howler monkeys
  A centaur zombie (D:10)
  4 jellies
  2 bullfrog zombies
  5 centaur skeletons
  6 orc priests
  4 hounds
  A bullfrog skeleton (D:6)
  11 orc wizards
  2 iguanas
  7 worker ants
  A hound zombie (D:5)
  3 hound skeletons
  A worker ant zombie (D:9)
  14 adders
  3 gnolls (D:4)
  4 shadow imps
  4 white imps
  3 ufetubi
  2 oozes
  5 worms
  The ghost of twist the Sneak, a weakling PaDe of Makhleb (D:4)
  3 dart slugs (D:1)
  5 leopard geckos
  33 orcs
  3 ball pythons
  8 giant cockroaches
  7 goblins
  7 hobgoblins
  9 jackals
  9 kobolds
  8 quokkas
  10 bats
  5 frilled lizards
  A jackal skeleton (D:5)
  A leopard gecko skeleton (D:6)
  6 rats
  2 butterflies (D:3)
302 creatures vanquished.

Vanquished Creatures (others)
  A gargoyle (D:11)
  A bullfrog (D:10)
  8 white imps (IceCv)
  2 ufetubi (IceCv)
  An orc (D:9)
  3 fungi (D:7)
  23 plants
39 creatures vanquished.

Grand Total: 341 creatures vanquished

Notes
Turn   | Place    | Note
-------+----------+-------------------------------------------
     0 | D:1      | Glokmah the Gnoll Wanderer began the quest for the Orb.
     0 | D:1      | Glokmah set off with the following items: a +0 hand
                  | crossbow, 4 throwing nets, a +0 leather armour, 23 bolts, a
                  | potion of lignification
     0 | D:1      | Reached XP level 1. HP: 23/23 MP: 1/1
    86 | D:1      | Reached XP level 2. HP: 25/29 MP: 2/2
   641 | D:1      | Reached XP level 3. HP: 35/35 MP: 3/3
  1022 | D:2      | Reached skill level 1 in Invocations
  1332 | D:2      | Reached skill level 1 in Short Blades
  1332 | D:2      | Reached skill level 1 in Long Blades
  1332 | D:2      | Reached skill level 1 in Axes
  1332 | D:2      | Reached skill level 1 in Maces & Flails
  1332 | D:2      | Reached skill level 1 in Polearms
  1332 | D:2      | Reached skill level 1 in Staves
  1332 | D:2      | Reached skill level 1 in Slings
  1332 | D:2      | Reached skill level 1 in Bows
  1332 | D:2      | Reached skill level 1 in Shields
  1332 | D:2      | Reached skill level 1 in Unarmed Combat
  1332 | D:2      | Reached skill level 1 in Spellcasting
  1332 | D:2      | Reached skill level 1 in Evocations
  1341 | D:2      | Reached XP level 4. HP: 16/41 MP: 5/5
  1743 | D:2      | Found a sacrificial altar of Ru.
  1760 | D:2      | Became a worshipper of Ru the Awakened
  1826 | D:2      | Found a snail-covered altar of Cheibriados.
  2030 | D:2      | Reached skill level 1 in Conjurations
  2030 | D:2      | Reached skill level 1 in Hexes
  2030 | D:2      | Reached skill level 1 in Summonings
  2030 | D:2      | Reached skill level 1 in Necromancy
  2030 | D:2      | Reached skill level 1 in Translocations
  2030 | D:2      | Reached skill level 1 in Transmutations
  2030 | D:2      | Reached skill level 1 in Fire Magic
  2030 | D:2      | Reached skill level 1 in Ice Magic
  2030 | D:2      | Reached skill level 1 in Air Magic
  2030 | D:2      | Reached skill level 1 in Earth Magic
  2030 | D:2      | Reached skill level 1 in Poison Magic
  2554 | D:3      | Reached XP level 5. HP: 47/47 MP: 5/7
  2837 | D:3      | Reached XP level 6. HP: 53/53 MP: 8/8
  3008 | D:3      | Gained mutation: You cannot study or cast Poison magic. [Ru
                  | sacrifice]
  3008 | D:3      | Gained mutation: You cannot study or cast Transmutations
                  | magic. [Ru sacrifice]
  3008 | D:3      | Gained mutation: You cannot study or cast Conjurations
                  | magic. [Ru sacrifice]
  3008 | D:3      | Reached * piety under Ru
  3236 | D:4      | Noticed an orc warrior
  3262 | D:4      | Reached skill level 5 in Crossbows
  3262 | D:4      | Reached skill level 5 in Dodging
  3589 | D:4      | Noticed a phantom
  3624 | D:4      | Killed a phantom
  3925 | D:4      | Noticed twist's ghost (weakling PaDe)
  3926 | D:4      | Found a runed translucent door.
  3944 | D:4      | Killed twist's ghost
  4116 | D:4      | Reached skill level 7 in Fighting
  4116 | D:4      | Reached XP level 7. HP: 38/60 MP: 10/10
  5176 | D:5      | Entered Level 5 of the Dungeon
  5185 | D:5      | Reached XP level 8. HP: 67/67 MP: 12/12
  5335 | D:5      | Found a staircase to the Ecumenical Temple.
  5705 | D:5      | Found an ancient bone altar of Kikubaaqudgha.
  5752 | D:5      | Got a polished cloak
  5758 | D:5      | Identified the +0 cloak "Danobam" {rElec rPois MR- rCorr}
                  | (You found it on level 5 of the Dungeon)
  5860 | D:6      | Gained mutation: Potions are less effective at restoring
                  | your health. [Ru sacrifice]
  5860 | D:6      | Reached ** piety under Ru
  6030 | D:6      | Found an opulent altar of Gozag.
  6291 | D:7      | Identified a scroll of acquirement
  6291 | D:7      | Acquired the amulet "Ajeihun" {Spirit rPois rF++}
  6387 | D:7      | Noticed Maggie
  6408 | D:7      | Killed Maggie
  6409 | D:7      | Reached XP level 9. HP: 67/73 MP: 10/14
  6533 | D:7      | Reached skill level 5 in Throwing
  6533 | D:7      | Reached skill level 5 in Armour
  6882 | D:7      | Found a white marble altar of Elyvilon.
  6937 | D:7      | Found a runed translucent gate.
  6937 | D:7      | Found a runed translucent gate.
  6938 | D:7      | Found a runed translucent gate.
  6938 | D:7      | Identified the +6 dagger "Spider's Funeral" {elec, rElec
                  | rPois rN++ Stlth+}
  6942 | D:7      | Noticed Ijustatesigmund's ghost (novice OpFi)
  7009 | D:7      | Reached skill level 5 in Stealth
  7139 | D:7      | Reached skill level 8 in Fighting
  7153 | D:7      | Killed Ijustatesigmund's ghost
  7154 | D:7      | Reached skill level 5 in Invocations
  7165 | D:7      | Reached XP level 10. HP: 50/80 MP: 13/17
  7366 | D:7      | Reached skill level 5 in Short Blades
  7366 | D:7      | Reached skill level 5 in Long Blades
  7366 | D:7      | Reached skill level 5 in Axes
  7366 | D:7      | Reached skill level 5 in Maces & Flails
  7366 | D:7      | Reached skill level 5 in Polearms
  7366 | D:7      | Reached skill level 5 in Staves
  7366 | D:7      | Reached skill level 5 in Slings
  7366 | D:7      | Reached skill level 5 in Bows
  7366 | D:7      | Reached skill level 5 in Shields
  7366 | D:7      | Reached skill level 5 in Unarmed Combat
  7366 | D:7      | Reached skill level 5 in Spellcasting
  7366 | D:7      | Reached skill level 5 in Evocations
  8229 | D:8      | Found a radiant altar of Vehumet.
  8505 | D:8      | Gained mutation: You cannot be stealthy. [Ru sacrifice]
  8569 | D:8      | Found a broken altar of Ashenzari.
  8717 | D:8      | Noticed a boulder beetle
  8717 | D:8      | Noticed a centaur warrior
  8758 | D:8      | Killed a centaur warrior
  9114 | D:8      | Killed a boulder beetle
  9130 | D:8      | Noticed a cyclops
  9143 | D:8      | Killed a cyclops
  9144 | D:8      | Reached XP level 11. HP: 76/87 MP: 16/19
  9262 | D:9      | Noticed a cyclops
  9660 | D:9      | Reached skill level 9 in Fighting
  9676 | D:9      | Reached skill level 5 in Hexes
  9676 | D:9      | Reached skill level 5 in Summonings
  9676 | D:9      | Reached skill level 5 in Necromancy
  9676 | D:9      | Reached skill level 5 in Translocations
  9676 | D:9      | Reached skill level 5 in Fire Magic
  9676 | D:9      | Reached skill level 5 in Ice Magic
  9676 | D:9      | Reached skill level 5 in Air Magic
  9676 | D:9      | Reached skill level 5 in Earth Magic
 10088 | D:9      | Killed a cyclops
 10268 | D:9      | HP: 3/89 [troll (11)]
 10781 | D:9      | Noticed a boulder beetle
 10800 | D:9      | Killed a boulder beetle
 11241 | D:10     | Entered Level 10 of the Dungeon
 11665 | D:10     | Gained mutation: You cannot drink potions while threatened.
                  | [Ru sacrifice]
 11665 | D:10     | Reached *** piety under Ru
 11946 | D:11     | Noticed a boulder beetle
 11974 | D:11     | Killed a boulder beetle
 12263 | D:11     | Identified the +7 scythe "Ynios" {spect, *Contam rF+++
                  | Dex-4} (You found it on level 11 of the Dungeon)
 12298 | D:11     | Found a staircase to the Lair.
 12322 | D:11     | Found a staircase to the Orcish Mines.
 12608 | D:11     | Reached XP level 12. HP: 96/96 MP: 22/22
 13020 | Lair:1   | Entered Level 1 of the Lair of Beasts
 13094 | Lair:1   | Found a frozen archway.
 13117 | IceCv    | Entered an ice cave
 13291 | IceCv    | HP: 4/97 [ice beast[an ice statue] (3)]
 13291 | IceCv    | Slain by an ice beast

Illustrated notes

Levels and vault maps discovered:
D:1:      dpeg_arrival_solitude, layout_basic
D:2:      layout_basic, nicolae_ru_path_of_blood, overflow_temple_1_default,
          chequers_garden
D:3:      layout_rooms, hangedman_glass_garden
D:4:      layout_basic, hellmonk_ghost_happy_afterlife, due_unseen_surprise
D:5:      layout_cave_pools, lemuel_doored_altar,
          minmay_temple_entry_stoned_glass
D:6:      layout_rooms, nicolae_gozag_seed_capital
D:7:      minmay_spotlight, layout_loops_ring, kennysheep_little_box,
          gammafunk_ghost_nasty_kobolds, uniq_maggie
D:8:      minmay_chambers_of_sevens, layout_basic, cheibrodos_ashenzari_chains,
          old_standard_altar
D:9:      layout_cave_pods
D:10:     layout_rooms
D:11:     layout_long_grid, david_lair_shrubbed
Lair:1:   layout_big_grid, portal_ice_cave_rime, grunt_megastairs_5
IceCv:    ice_cave_small_demon

Skill      XL: |  1  2  3  4  5  6  7  8  9 10 11 12 |
---------------+-------------------------------------+-----
Invocations    | 1 2 3 4 5 6 7 |  7.8
Short Blades   | 1 2 3 4 5 6 7 |  7.1
Long Blades    | 1 2 3 4 5 6 7 |  7.1
Axes           | 1 2 3 4 5 6 7 |  7.1
Maces & Flails | 1 2 3 4 5 6 7 |  7.1
Polearms       | 1 2 3 4 5 6 7 |  7.1
Staves         | 1 2 3 4 5 6 7 |  7.1
Slings         | 1 2 3 4 5 6 7 |  7.1
Bows           | 1 2 3 4 5 6 7 |  7.1
Shields        | 1 2 3 4 5 6 7 |  7.1
Unarmed Combat | 1 2 3 4 5 6 7 |  7.1
Spellcasting   | 1 2 3 4 5 6 7 |  7.1
Evocations     | 1 2 3 4 5 6 7 |  7.1
Conjurations   | 1 0 |  0.0
Hexes          | 1 2 3 4 5 |  5.9
Summonings     | 1 2 3 4 5 |  5.9
Necromancy     | 1 2 3 4 5 |  5.9
Translocations | 1 2 3 4 5 |  5.9
Transmutations | 1 0 |  0.0
Fire Magic     | 1 2 3 4 5 |  5.9
Ice Magic      | 1 2 3 4 5 |  5.9
Air Magic      | 1 2 3 4 5 |  5.9
Earth Magic    | 1 2 3 4 5 |  5.9
Poison Magic   | 1 0 |  0.0
Throwing       | 3 4 5 6 7 |  7.6
Armour         | 3 4 5 6 7 |  7.6
Stealth        | 3 4 5 0 |  0.0
Crossbows      | 5 6 7 8 |  8.6
Dodging        | 5 6 7 8 |  8.6
Fighting       | 7 8 9 |  9.7

Action                   |  1- 3 |  4- 6 |  7- 9 | 10-12 || total
-------------------------+-------+-------+-------+-------++-------
Melee: Short sword       |   147 |     1 |       |       ||   148
       Bite              |    16 |    19 |    34 |   102 ||   171
       Rapier            |       |   144 |   264 |    23 ||   431
       Dagger            |       |       |       |   670 ||   670
 Fire: Hand crossbow     |       |    13 |     4 |    12 ||    29
Throw: Javelin           |       |       |       |     4 ||     4
Invok: Sacrifice Arcana  |       |     1 |       |       ||     1
       Sacrifice Purity  |       |       |     1 |       ||     1
       Sacrifice Stealth |       |       |       |     1 ||     1
       Sacrifice Drink   |       |       |       |     1 ||     1
Evoke: Wand              |       |       |       |     3 ||     3
  Use: Scroll            |     4 |    11 |    14 |    16 ||    45
       Potion            |       |       |       |     3 ||     3
 Stab: Sleeping          |     1 |     1 |       |       ||     2
       Invisible         |       |       |       |     1 ||     1
       Distracted        |       |       |       |     1 ||     1
Armor: Leather armour    |    49 |       |       |       ||    49
       Ring mail         |     6 |    18 |       |       ||    24
       Chain mail        |       |       |    85 |   153 ||   238
Dodge: Dodged            |   165 |    41 |    57 |   139 ||   402
Block: Other             |    38 |     1 |       |       ||    39
       Kite shield       |       |    86 |   177 |   392 ||   655
       Reflection        |       |     2 |     1 |       ||     3

Table legend: (Time is in decaauts)
 A = Elapsed time spent in this place.
 B = Non-inter-level travel time spent in this place.
 C = Inter-level travel time spent in this place.
 D = Time resting spent in this place.
 E = Time spent auto-exploring this place.
 F = Levels seen in this place.
 G = Mean time per level.
                   A        B        C        D        E       F      G
               +--------+--------+--------+--------+--------+-----+--------+
         Total |  13221 |  12485 |    736 |   3228 |   5397 |  13 | 1017.0 |
       Dungeon |  12960 |  12224 |    736 |   3083 |   5397 |  11 | 1178.2 |
          Lair |     93 |     93 |      0 |      8 |      0 |   1 |   93.0 |
      Ice Cave |    167 |    167 |      0 |    137 |      0 |   1 |  167.0 |
               +--------+--------+--------+--------+--------+-----+--------+

Top non-repeatable levels by time:
     D:4: 2005 daAuts
     D:8: 1993 daAuts
     D:9: 1660 daAuts
     D:2: 1568 daAuts
     D:7: 1288 daAuts
    D:11: 1018 daAuts
     D:1: 979 daAuts
     D:3: 754 daAuts
    D:10: 643 daAuts
     D:5: 591 daAuts
     D:6: 457 daAuts
   IceCv: 167 daAuts
  Lair:1: 93 daAuts
